 Dungeon Crawl Stone Soup version 0.19.0 (webtiles) character file.

142 RonnieColeman the Conjurer (level 5, 0/31 HPs)
             Began as an Octopode Conjurer on Nov 8, 2016.
             Slain by Purgy (1 damage)
             ... in a sewer on Nov 9, 2016.
             The game lasted 00:08:03 (3220 turns).

RonnieColeman the Conjurer (Octopode Conjurer)      Turns: 3220, Time: 00:08:04

Health: 0/31       AC:  1    Str:  7    XL:     5   Next: 24%
Magic:  1/11       EV: 13    Int: 18    God:
Gold:   187        SH:  0    Dex: 13    Spells: 1 memorised, 11 levels left

rFire  . . .     SeeInvis .     s - +0 dagger (flame)
rCold  . . .     Gourm    .     (no shield)
rNeg   . . .     Faith    .     (helmet restricted)
rPois  .         Spirit   .     (no amulet)
rElec  .         Reflect  .     d - ring of protection from magic
rCorr  +         Harm     .     u - ring of resist corrosion
MR     +....                    (no ring)
Stlth  ++++......               (no ring)
                                (no ring)
                                (no ring)
                                (no ring)
                                (no ring)

@: no status effects
A: almost no armour, stealthy swim, amphibious, 8 rings, constrict 8, camouflage
1, gelatinous body 1
a: no special abilities


You were in a sewer.
You were not hungry.

You visited 1 branch of the dungeon, and saw 4 of its levels.
You also visited: Sewer.

You collected 187 gold pieces.

Inventory:

Hand Weapons
 f - a +0 short sword
 o - a +0 spear
 s - a +0 dagger of flaming (weapon)
Jewellery
 d - a ring of protection from magic (left tentacle)
 u - a ring of resist corrosion (right tentacle)
Scrolls
 c - 6 scrolls of identify {unknown}
 g - a scroll of recharging {unknown}
 h - 2 scrolls of remove curse {unknown}
 m - a scroll of noise {unknown}
 n - 2 scrolls of teleportation {unknown}
 q - 2 scrolls of enchant weapon {unknown}
 w - a scroll of amnesia {unknown}
Potions
 e - 3 potions of heal wounds {unknown}
 i - a potion of haste {unknown}
 j - a potion of berserk rage {unknown}
 k - 2 potions of ambrosia {unknown}
 p - a potion of might {unknown}
 r - a potion of agility {unknown}
 t - a potion of mutation {unknown}
 v - a potion of curing {unknown}
 x - a potion of brilliance {unknown}
 A - a potion of magic {unknown}
Books
 a - a book of Conjurations

   Spells                             Type                      Level
   a - Magic Dart                     Conjuration                  1
   b - Searing Ray                    Conjuration                  2
   c - Dazzling Spray                 Conjuration/Hexes            3
   d - Fulminant Prism                Conjuration/Hexes            4
   e - Iskenderun's Mystic Blast      Conjuration                  4
   f - Iskenderun's Battlesphere      Conjuration/Charms           5
Comestibles
 b - 4 bread rations
 l - 2 meat rations


   Skills:
 - Level 2.0 Dodging
 - Level 2.6 Stealth
 * Level 4.1 Spellcasting
 + Level 4.8 Conjurations


You had 11 spell levels left.
You knew the following spells:

 Your Spells              Type           Power        Failure   Level  Hunger
a - Magic Dart            Conj           ###.         1%          1    None


Dungeon Overview and Level Annotations

Branches:
Dungeon (4/15)
 Temple: D:4-7

Altars:
Cheibriados
Fedhas
Kikubaaqudgha
Nemelex Xobeh
Okawaru
Qazlal
Sif Muna

Annotations:
Sewer Purgy


Innate Abilities, Weirdness & Mutations

You cannot wear most types of armour.
You are very stealthy in the water. (Stealth+)
You are amphibious.
You can wear up to eight rings at the same time.
You can use your tentacles to constrict eight enemies at once.
Your skin changes colour to match your surroundings (Stealth+).
Your rubbery body absorbs attacks. (AC +1, EV +1)


Message History

Purgy misses you. Purgy claws you. x2
You miss Purgy. Your squeeze misses Purgy.
Purgy is heavily wounded.
Purgy bites you.
* * * LOW HITPOINT WARNING * * *
Purgy completely misses you. Purgy barely misses you.
You are too injured to fight recklessly!
You are too injured to fight recklessly!
You are too injured to fight recklessly!
You hit Purgy. You burn Purgy.
Purgy is heavily wounded.
Purgy bites you.
* * * LOW HITPOINT WARNING * * *
Purgy claws you.
* * * LOW HITPOINT WARNING * * *
Purgy misses you.
You barely miss Purgy.
Purgy is heavily wounded.
Purgy bites you.
You die...

≈≈≈≈≈.## ##.≈≈≈≈≈≈# ≈≈≈≈≈..#
##.≈≈≈≈≈# ≈≈≈≈≈≈≈###
#####≈≈≈≈≈≈≈≈ ≈≈≈≈≈≈≈.≈###
#..#≈≈≈≈≈≈≈≈# ≈≈≈≈≈≈≈≈≈≈.###
###≈≈.≈≈≈≈≈≈≈≈#
≈≈≈≈≈≈≈≈≈≈≈.≈######.#≈≈≈≈≈≈≈≈≈≈##
#≈≈≈≈≈≈≈≈≈≈≈≈≈.##.#≈≈≈≈≈≈≈≈≈≈≈##
###≈≈≈≈≈≈≈≈≈≈≈≈≈.T≈≈≈≈≈≈≈≈≈≈≈≈#
#≈≈≈≈≈≈≈≈≈≈≈≈≈@≈≈≈≈≈≈≈≈≈≈≈≈##
##≈≈≈≈≈≈≈≈≈≈≈≈≈≈≈≈≈≈≈≈≈≈≈≈## #
###≈≈≈≈≈≈≈≈≈≈≈≈≈≈≈≈≈≈≈≈≈≈#
#######≈≈≈≈≈≈≈≈≈≈≈≈≈≈≈≈≈≈≈###
≈≈≈≈≈≈≈≈≈≈≈≈≈≈≈≈≈≈≈≈≈≈≈≈≈##
#######≈≈≈≈##≈≈≈≈≈#≈≈≈#### #
#≈≈≈######≈###≈## ##### ### ###


You could see Purgy.

Vanquished Creatures
  A bullfrog skeleton (D:4)
  5 adders
  A worm (D:3)
  A dart slug (D:1)
  6 leopard geckos
  5 bats
  3 giant cockroaches
  5 goblins
  5 hobgoblins
  2 jackals (D:2)
  A quokka (D:2)
  5 ball pythons
  4 frilled lizards
  3 kobolds
  11 rats
  2 rat zombies (D:2)
60 creatures vanquished.

Notes
Turn   | Place    | Note
-------+----------+-------------------------------------------
     0 | D:1      | RonnieColeman the Octopode Conjurer began the quest for the Orb.
     0 | D:1      | Reached XP level 1. HP: 11/11 MP: 3/3
    60 | D:1      | Reached XP level 2. HP: 17/17 MP: 1/5
   609 | D:2      | Reached XP level 3. HP: 20/21 MP: 1/6
   740 | D:2      | Found a sparkling altar of Nemelex Xobeh.
  1062 | D:2      | Found an iron altar of Okawaru.
  1064 | D:2      | Found a snail-covered altar of Cheibriados.
  1067 | D:2      | Found a blossoming altar of Fedhas.
  1068 | D:2      | Found a deep blue altar of Sif Muna.
  1069 | D:2      | Found a stormy altar of Qazlal.
  1172 | D:2      | Reached XP level 4. HP: 23/27 MP: 8/8
  1180 | D:2      | Found an ancient bone altar of Kikubaaqudgha.
  2032 | D:4      | Reached XP level 5. HP: 7/31 MP: 1/11
  2169 | D:4      | Found a glowing drain.
  2180 | Sewer    | Entered a sewer
  2239 | Sewer    | Noticed Purgy
  3219 | Sewer    | HP: 1/31 [Purgy (3)]
  3220 | Sewer    | Slain by Purgy

Skill      XL: |  1  2  3  4 |
---------------+-------------+-----
Spellcasting   | 3 4 |  4.1
Dodging        | |  2.0
Stealth        | |  2.6
Conjurations   | |  4.8

Action                   |  1- 3 |  4- 6 || total
-------------------------+-------+-------++-------
Melee: Unarmed           |     7 |       ||     7
       Constrict         |    14 |     6 ||    20
       Tentacles         |     3 |     7 ||    10
       Short sword       |    19 |       ||    19
       Dagger            |    21 |    43 ||    64
       Spear             |       |    18 ||    18
 Cast: Magic Dart        |    21 |    96 ||   117
 Stab: Sleeping          |    10 |     2 ||    12
  Eat: Chunk             |     1 |     4 ||     5
       Meat ration       |       |     1 ||     1
Armor: Skin              |     4 |     3 ||     7
Dodge: Dodged            |    23 |    46 ||    69
